 Dungeon Crawl Stone Soup version 0.22-a0-447-gee5f723 (webtiles) character file.

58 emperorscorpion the Conjurer (level 3, -14/42 HPs)
             Began as a Deep Elf Conjurer on June 3, 2018.
             Was an Initiate of Dithmenos.
             Killed by divine providence
             ... invoked by an orc priest
              (15 damage)
             ... on level 3 of the Dungeon.
             The game lasted 00:02:37 (2115 turns).

emperorscorpion the Conjurer (Deep Elf Conjurer)    Turns: 2115, Time: 00:02:38

Health: -14/42     AC: 21    Str:  8 (10) XL:     3   Next: 76%
Magic:  10/10      EV:  2    Int: 19 (20) God:    Dithmenos [......]
Gold:   112        SH:  0    Dex: 14 (15) Spells: 5/9 levels left

rFire    + . .     SeeInvis .   a - +2 dagger (speed)
rCold    + . .     Gourm    .   (no shield)
rNeg     + + +     Faith    .   (armour currently unavailable)
rPois    +         Spirit   .   (helmet currently unavailable)
rElec    +         Reflect  .   (cloak currently unavailable)
rCorr    +         Harm     .   (gloves currently unavailable)
MR       .....     NoTele   +   (boots currently unavailable)
Stlth    ..........             (no amulet)
HPRegen  0.14/turn              (no ring)
MPRegen  0.12/turn              (no ring)

@: mighty, berserking, tree-form, resistant, very quick
A: no striking features
a: Renounce Religion


You were on level 3 of the Dungeon.
You worshipped Dithmenos.
Dithmenos was noncommittal.
You were hungry.
You were a tree.
You visited 1 branch of the dungeon, and saw 3 of its levels.

You collected 112 gold pieces.

Inventory:

Hand Weapons
 a - a +2 dagger of speed (weapon)
 u - a +0 spear
 x - a +0 dagger
Missiles
 f - 70 stones (quivered)
 p - 5 javelins
 q - 41 bolts
 r - 17 poisoned needles
 s - 26 sling bullets
 t - 28 arrows
Armour
 o - a +0 robe (melded)
Scrolls
 b - 3 scrolls of remove curse {unknown}
 d - 3 scrolls of teleportation {unknown}
 e - a scroll of enchant weapon {unknown}
 h - a scroll of fear {unknown}
 i - 4 scrolls of identify {unknown}
 j - a scroll of immolation {unknown}
Potions
 k - a potion of resistance
 v - a potion of curing {unknown}
 w - a potion of invisibility {unknown}
Comestibles
 c - 5 rations


   Skills:
 + Level 2.7 Dodging
 + Level 2.8 Stealth
 + Level 3.6 Spellcasting
 + Level 5.4 Conjurations


You had 5 spell levels left.
You knew the following spells:

 Your Spells              Type           Power        Failure   Level  Hunger
a - Magic Dart            Conj           ###.         1%          1    None
b - Dazzling Spray        Conj/Hex       ##....       14%         3    ###....

Your spell library contained the following spells:

 Spells                   Type           Power        Failure   Level  Hunger
 Iskenderun's Mystic Bla  Conj           ###.....     16%         4    ####...
 Fulminant Prism          Conj/Hex       ##........   43%         4    ####...
 Force Lance              Conj/Tloc      ##......     43%         4    ####...
 Searing Ray              Conj           ###...       2%          2    ##.....


Dungeon Overview and Level Annotations

Branches:
Dungeon (3/15)

Altars:
Dithmenos
Fedhas
Nemelex Xobeh
Okawaru
Qazlal
Zin

Annotations:
D:3 Sigmund


Message History

Ouch! That really hurt!
An orc comes into view. It is wielding a mace.
It was a potion of degeneration.
There was something very wrong with that liquid.
You feel weakened.
You feel dopey.
You feel clumsy.
It was a potion of resistance.
You feel protected.
It was a potion of might.
You feel very mighty all of a sudden.
It was a potion of lignification.
You turn into a tree.
Your +0 robe melds into your body.
Your roots penetrate the ground.
The orc priest invokes the aid of Beogh against you.
Beogh smites you!
* * * LOW HITPOINT WARNING * * *
It was a potion of berserk rage.
A red film seems to cover your vision as you go berserk!
You feel yourself moving faster!
You feel mighty!
The orc priest invokes the aid of Beogh against you.
Beogh smites you!
You die...

#.#...####.....[...####...
#.##.## ##.......## ##..
#.#### ##.....## ##. #.#
##...## #. #.# ##+## #.
#.###### #.
#......#######.## #.
######.##.......# #.##♣# #
##.##.# ..# #...#.###....o
#.....o......#
#...#.###..... #####.# ...
#.# # #.. ###


You could see an orc priest.

Vanquished Creatures
  2 adders (D:2)
  A worm (D:2)
  A dart slug (D:2)
  2 leopard geckos (D:1)
  An orc (D:3)
  6 bats
  3 giant cockroaches
  7 goblins
  2 hobgoblins (D:1)
  4 frilled lizards
  A kobold (D:1)
  5 rats
35 creatures vanquished.

Notes
Turn   | Place    | Note
-------+----------+-------------------------------------------
     0 | D:1      | emperorscorpion the Deep Elf Conjurer began the quest for the Orb.
     0 | D:1      | Reached XP level 1. HP: 10/10 MP: 6/6
   187 | D:1      | Reached XP level 2. HP: 15/15 MP: 6/8
   687 | D:1      | Reached skill level 5 in Conjurations
  1274 | D:2      | Found a sparkling altar of Nemelex Xobeh.
  1277 | D:2      | Found an iron altar of Okawaru.
  1335 | D:2      | Reached XP level 3. HP: 19/19 MP: 6/10
  1385 | D:2      | Found a shadowy altar of Dithmenos.
  1421 | D:2      | Found a glowing silver altar of Zin.
  1600 | D:2      | Became a worshipper of Dithmenos the Shadowed
  1769 | D:3      | Noticed Sigmund
  1810 | D:3      | Learned a level 3 spell: Dazzling Spray
  1867 | D:3      | Found a blossoming altar of Fedhas.
  1867 | D:3      | Found a stormy altar of Qazlal.
  2114 | D:3      | HP: 1/28 [orc priest/divine providence (8)]
  2115 | D:3      | Killed from afar by an orc priest

Vault maps used:
D:1:      lightli_arrival_lavapool, minmay_misc_feat_square, kennysheep_boxes
D:2:      nicolae_overflow_crystal_walls, grunt_temple_overflow_open,
          first_ration
D:3:      grunt_temple_overflow_forces_of_nature,
          chequers_ecumenical_altar_island, minmay_misc_feat_ornament,
          st_stairs_5, uniq_crazy_yiuf_cottage, uniq_sigmund, uniq_jessica

Skill      XL: |  1  2 |
---------------+-------+-----
Conjurations   | 5 |  5.4
Dodging        | |  2.7
Stealth        | |  2.8
Spellcasting   | |  3.6

Action                   || total
-------------------------++-------
Melee: Dagger            ||     3
 Cast: Magic Dart        ||    69
  Use: Potion            ||     5
  Eat: Chunk             ||     3
Armor: Robe              ||     1
Dodge: Dodged            ||    11

Table legend:
 A = Spawn XP
 B = Non-spawn XP
 C = Spawn XP percentage of total XP
 D = Spawn monster count
 E = Non-spawn monster count
 F = Spawn count percentage of total count
 G = Total turns spent on level
                    A         B        C        D         E        F      G
               +---------+---------+-------+---------+---------+-------+---------
         Total |       0 |      84 |   0.0 |       0 |      35 |   0.0 |  2115
               +---------+---------+-------+---------+---------+-------+---------
           D:1 |       0 |      30 |   0.0 |       0 |      18 |   0.0 |  1036
           D:2 |       0 |      46 |   0.0 |       0 |      12 |   0.0 |   764
           D:3 |       0 |       8 |   0.0 |       0 |       5 |   0.0 |   315
               +---------+---------+-------+---------+---------+-------+---------
